Map: Ulrena

Players

Miszu

  • Race: Terran Terran
  • League: Master

MaY - Winner!

  • Race: Zerg Zerg
  • League: Grandmaster

VOD

Have the link to the VOD?

Description

Time

  • Played on: April 20, 2016, 2:14 p.m.
  • Length: 5:12
Show
View Real Time Build Order
Export as new Build Order

Miszu Terran 

Build Orders: Reaper Expand 

Get SALT Encoding   

  12  0:01  SCV  
  13  0:15  SCV  
  13  0:18  Supply Depot  
  14  0:27  SCV  
  15  0:40  SCV  
  15  0:42  Barracks  
  16  0:47  Refinery  
  16  0:52  SCV  
  17  1:04  SCV  
  18  1:16  SCV  
  19  1:28  Orbital Command  
  19  1:30  Reaper  
  20  1:43  Command Center  
  20  1:54  SCV  
  21  2:02  Marine  
  21  2:06  SCV  
  21  2:07  Factory  
  23  2:15  Refinery  
  23  2:21  Supply Depot  
  23  2:24  Barracks Reactor  
  23  2:42  SCV  
  24  2:54  SCV  
  24  2:55  Starport  
  24  2:56  Orbital Command  
  25  3:00  Marine, Factory Tech Lab  
  25  3:01  Marine  
  27  3:06  SCV  
  28  3:18  Marine x2  
  28  3:19  SCV  
  31  3:28  SCV  
  31  3:31  Siege Tank, SCV  
  35  3:38  Supply Depot  
  35  3:39  Marine x2  
  35  3:40  SCV  
  38  3:42  Medivac  
  38  3:43  SCV  
  41  3:52  SCV  
  41  3:55  SCV  
  43  4:04  Supply Depot, SCV  
  43  4:07  SCV  
  43  4:08  Marine x2, Siege Tank  
  50  4:16  SCV  
  51  4:19  SCV  
  51  4:22  Medivac  
  54  4:28  SCV  
  54  4:30  Command Center  
  55  4:45  Marine x2  
  57  4:50  SCV  
  57  4:51  SCV  
  59  4:55  Barracks x2  
  59  4:56  Engineering Bay  
  59  4:57  Engineering Bay  
  59  5:05  Starport Reactor  
  62  5:10  Supply Depot, Refinery x2  
Show
View Real Time Build Order
Export as new Build Order

MaY Zerg - Winner!

Build Orders: Hatch First 

Get SALT Encoding   

  12  0:00  Drone  
  13  0:12  Overlord  
  13  0:17  Drone  
  14  0:30  Drone  
  14  0:31  Drone  
  14  0:35  Drone  
  17  0:45  Drone  
  18  0:55  Hatchery  
  17  0:58  Drone  
  18  1:11  Spawning Pool  
  18  1:16  Drone  
  18  1:19  Drone  
  19  1:29  Drone  
  20  1:39  Overlord  
  20  1:59  Zergling x2, Queen  
  20  2:00  Zergling x2  
  24  2:07  Queen  
  24  2:08  Drone  
  27  2:20  Drone, Hatchery  
  27  2:21  Drone  
  28  2:33  Drone x3  
  31  2:46  Drone x2  
  33  2:54  Overlord x2, Extractor  
  32  2:59  Queen  
  32  3:01  Queen  
  36  3:21  Drone  
  36  3:22  Drone x8  
  45  3:36  Queen, Drone x2  
  49  3:41  Queen  
  49  3:43  Drone x2  
  53  3:56  Drone  
  53  3:57  Drone x4  
  58  4:08  Overlord x2  
  58  4:09  Overlord x2  
  58  4:13  Baneling Nest  
  57  4:26  Queen x2  
  57  4:30  Queen  
  63  4:31  Drone  
  63  4:32  Drone x5  
  67  4:45  Drone  
  67  4:46  Drone x8  
  75  5:02  Extractor  
  75  5:04  Extractor  
  75  5:05  Evolution Chamber x2  
Tags
 
Add a new tag
Caveats
  • Supply blocks, unpowered buildings, or Contaminate may cause inaccurate times.
  • Supply counts are checked every 10 seconds.